 Dungeon Crawl Stone Soup version 0.29.1-12-g30fa7ad0bf (webtiles) character file.

Game seed: 6918231534035440667

58 CaptainMV the Conjurer (level 3, -7/27 HPs)
             Began as a Draconian Conjurer on Dec 16, 2022.
             Mangled by Natasha (13 damage)
             ... on level 2 of the Dungeon.
             The game lasted 00:09:03 (1302 turns).

CaptainMV the Conjurer (Draconian Conjurer)         Turns: 1302, Time: 00:09:04

Health: -7/27      AC:  5    Str:  9    XL:     3   Next: 75%
Magic:  5/6        EV: 12    Int: 20    God:
Gold:   57         SH:  5    Dex:  9    Spells: 5/6 levels left

rFire   . . .      SeeInvis .   c - +0 dagger
rCold   . . .      Faith    .   (no shield)
rNeg    . . .      Spirit   .   (body armour unavailable)
rPois   .          Reflect  +   (helmet restricted)
rElec   .          Harm     .   (no cloak)
rCorr   .          Rampage  .   (no gloves)
Will    .....                   (no boots)
Stlth   ++........              j - amulet of reflection
HPRegen 0.09/turn               (no ring)
MPRegen 0.10/turn               (no ring)

@: no status effects
A: AC +5, unfitting armour, cold-blooded
a: no special abilities


You were on level 2 of the Dungeon.
You visited 1 branch of the dungeon, and saw 2 of its levels.

You collected 57 gold pieces.

Inventory:

Hand Weapons
 c - a +0 dagger (weapon)
Missiles
 d - 3 poisoned darts (quivered)
Jewellery
 j - an amulet of reflection (around neck)
Scrolls
 e - a scroll of vulnerability {unknown}
 f - 2 scrolls of amnesia {unknown}
 g - a scroll of fear {unknown}
 h - a scroll of noise {unknown}
Potions
 a - a potion of magic
 b - a potion of mutation {unknown}
 i - a potion of berserk rage {unknown}
 k - a potion of haste {unknown}


   Skills:
 + Level 0.3 Fighting
 + Level 0.3 Short Blades
 + Level 0.1 Throwing
 + Level 2.4 Dodging
 + Level 2.0 Stealth
 + Level 0.2 Unarmed Combat
 + Level 2.2 Spellcasting
 + Level 4.7 Conjurations


You had 5 spell levels left.
You knew the following spells:

 Your Spells              Type           Power      Damage    Failure   Level
a - Magic Dart            Conj           84%        1d7       2%          1

Your spell library contained the following spells:

 Spells                   Type           Power      Damage    Failure   Level
 Searing Ray              Conj           42%        2d6       3%          2
 Dazzling Flash           Conj/Hex       22%        N/A       19%         3
 Fulminant Prism          Conj/Hex       5%         3d7       52%         4
 Iskenderun's Mystic Bla  Conj/Tloc      11%        2d4       52%         4


Dungeon Overview and Level Annotations

Branches:
Dungeon (2/15)

Altars:

Annotations:
D:2 Natasha


Innate Abilities, Weirdness & Mutations

Your plain brown scales are hard. (AC +5)
You cannot fit into any form of body armour.
You are cold-blooded and may be slowed by cold attacks.


Message History

The crimson imp summons a swarm of flies.
You closely miss Natasha.
Natasha is moderately wounded.
Natasha misses you.
You hit Natasha but do no damage.
Your tail-slap misses Natasha.
Natasha is moderately wounded.
Natasha claws you.
You hit Natasha.
Natasha is moderately wounded.
Natasha claws you.
The crimson imp blinks!
You hit Natasha but do no damage.
Your tail-slap misses Natasha.
Natasha is moderately wounded.
Natasha closely misses you.
The crimson imp blinks!
You barely miss Natasha.
Your tail-slap misses Natasha.
Natasha is moderately wounded.
Natasha howls an incantation.
You feel troubled. You block Natasha's attack.
You completely miss Natasha.
Natasha is moderately wounded.
Natasha stares at you and mumbles some strange words.
The magic dart hits you.
You closely miss Natasha.
Your tail-slap misses Natasha.
Natasha is moderately wounded.
Natasha misses you.
You closely miss Natasha.
Natasha is moderately wounded.
Natasha barely misses you.
The crimson imp blinks!
You hit Natasha.
Natasha is moderately wounded.
Natasha claws you!
* * * LOW HITPOINT WARNING * * *
The crimson imp blinks!
You hit Natasha.
Natasha is moderately wounded.
Natasha mumbles some strange words.
You closely miss Natasha.
Natasha is moderately wounded.
Natasha claws you!
You die...

#..........
.......
#.......##. .....
#.......##. .....
#.......... .†.
##########. 55. #.
#5# ############.
#h# #............
#@####.###########
#......# ########


You could see Natasha (strong) and 3 crimson imps.

Vanquished Creatures
  2 adders (D:2)
  5 bats
  2 endoplasms (D:1)
  3 giant cockroaches
  2 goblins (D:1)
  3 hobgoblins
  6 jackals
  A quokka (D:1)
  5 ball pythons
  3 frilled lizards
  3 kobolds
  3 rats (D:1)
38 creatures vanquished.

Notes
Turn   | Place    | Note
-------+----------+-------------------------------------------
     0 | D:1      | CaptainMV the Draconian Conjurer began the quest for the
                  | Orb.
     0 | D:1      | Reached XP level 1. HP: 14/14 MP: 3/3
   391 | D:1      | Reached XP level 2. HP: 5/20 MP: 0/5
   560 | D:1      | HP: 1/20 [giant cockroach (2)]
  1090 | D:2      | Reached XP level 3. HP: 15/26 MP: 2/6
  1264 | D:2      | Noticed Natasha
  1302 | D:2      | Mangled by Natasha

Illustrated notes

Levels and vault maps discovered:
D:1:      psy_arrival_basics, layout_rooms
D:2:      layout_loops_cross, chequers_ecumenical_altar_twisty, uniq_robin,
          uniq_terence, uniq_natasha

Skill      XL: |  1  2 |
---------------+-------+-----
Dodging        | 2 |  2.4
Stealth        | 2 |  2.0
Fighting       | |  0.3
Short Blades   | |  0.3
Throwing       | |  0.1
Unarmed Combat | |  0.2
Spellcasting   | |  2.2
Conjurations   | |  4.7

Action                   || total
-------------------------++-------
Melee: Unarmed           ||    22
       Dagger            ||    92
       Tailslap          ||    16
Throw: Dart              ||    12
 Cast: Magic Dart        ||    47
 Stab: Sleeping          ||     1
Armor: Skin              ||    39
Dodge: Dodged            ||    75
Block: Other             ||    10
